 Dungeon Crawl Stone Soup version 0.30-a0-800-g7c544603b3 (webtiles) character file.

Game seed: 2773453182278160480

6746 kingofthe the Nimble (level 10, -3/50 HPs)
             Began as a Deep Elf Conjurer on Feb 21, 2023.
             Was a Believer of Sif Muna.
             Slain by an orc knight
             ... wielding the +10 zealot's sword {holy, Zealotry, *Rage rN+ EV+3}
              (19 damage)
             ... in a bailey.
             The game lasted 00:31:03 (12559 turns).

kingofthe the Nimble (Deep Elf Conjurer)           Turns: 12559, Time: 00:31:03

Health: -3/50      AC:  9    Str:  4    XL:     10   Next: 75%
Magic:  4/25       EV: 18    Int: 24    God:    Sif Muna [**....]
Gold:   638        SH:  0    Dex: 17    Spells: 20/27 levels left

rFire   + + .      SeeInvis .    G - +5 spear "Hellblazer" {heavy, +Blink rC+ rN++ Will+}
rCold   . . .      Faith    .    (no shield)
rNeg    + + .      Spirit   .    K - +1 steam dragon scales
rPois   .          Reflect  .    w - +0 helmet
rElec   .          Harm     .    v - +0 cloak
rCorr   +          Rampage  .    H - +0 pair of gloves of Goobet {Will+ rCorr}
Will    +++..      Rage     3%   (no boots)
Stlth   ++++                     (no amulet)
HPRegen 0.28/turn                f - ring of protection from fire
MPRegen 0.19/turn                F - ring of fire

@: no status effects
A: berserk 1, MP-powered wands
a: Renounce Religion, Evoke Blink, Channel Magic


You were in a bailey.
You worshipped Sif Muna.
Sif Muna was pleased with you.
You visited 2 branches of the dungeon, and saw 10 of its levels.
You also visited: Bailey.

You collected 638 gold pieces.


Innate Abilities, Weirdness & Mutations

You sometimes lose your temper in combat.
You expend magic power (3 MP) to strengthen your wands.


   Skills:
 * Level 10.8 Dodging
 + Level 8.5 Stealth
 * Level 9.1 Spellcasting
 + Level 9.3 Conjurations
 + Level 8.1 Hexes
 * Level 4.3 Invocations


You had 20 spell levels left.
You knew the following spells:

 Your Spells              Type           Power      Damage    Failure   Level
a - Magic Dart            Conj           100%       1d8       1%          1
b - Searing Ray           Conj           100%       2d8       1%          2
c - Fulminant Prism       Conj/Hex       26%        3d14      1%          4

Your spell library contained the following spells:

 Spells                   Type           Power      Damage    Failure   Level
 Dazzling Flash           Conj/Hex       100%       N/A       1%          3
 Iskenderun's Mystic Bla  Conj/Tloc      33%        2d8       9%          4

Inventory:

Hand Weapons
 a - a +3 scimitar of flaming
 x - a +2 mace of venom
 E - a +5 dagger
 G - the +5 spear "Hellblazer" (weapon) {heavy, +Blink rC+ rN++ Will+}
   (You took it off an orc on level 6 of the Dungeon)

   rC:        It protects you from cold.
   rN:        It greatly protects you from negative energy.
   +Blink:    It lets you blink.
   Will:      It increases your willpower.
 L - a +1 whip of electrocution
Armour
 v - a +0 cloak (worn)
 w - a +0 helmet (worn)
 H - the +0 pair of gloves of Goobet (worn) {Will+ rCorr}
   (You found it on level 6 of the Dungeon)

   rCorr:     It protects you from acid and corrosion.
   Will:      It increases your willpower.
 K - +1 steam dragon scales (worn)
 N - a +2 leather armour of cold resistance
 Q - a +2 robe of positive energy
Magical Staves
 q - a staff of fire {!a}
Jewellery
 f - a ring of protection from fire (left hand)
 C - a ring of protection from cold
 F - a ring of fire (right hand)
Wands
 A - a wand of polymorph (7)
 I - a wand of flame (22)
 J - a wand of iceblast (5)
Scrolls
 d - a scroll of silence {unknown}
 e - a scroll of acquirement {unknown}
 g - 4 scrolls of amnesia
 h - a scroll of vulnerability {unknown}
 i - 2 scrolls of blinking
 j - 5 scrolls of identify {@r1}
 l - a scroll of enchant armour
 m - 2 scrolls of fear
 r - 2 scrolls of butterflies {unknown}
 s - a scroll of noise {unknown}
 u - 5 scrolls of teleportation {@r2}
 y - a scroll of immolation {unknown}
 z - a scroll of brand weapon {unknown}
 P - a scroll of poison
Potions
 b - 2 potions of magic
 c - a potion of mutation
 k - 2 potions of invisibility
 n - 2 potions of heal wounds {@q2}
 o - a potion of might
 p - 2 potions of lignification
 t - a potion of ambrosia {unknown}
 B - a potion of resistance {unknown}
 D - a potion of cancellation {unknown}
 M - a potion of curing {@q1}
 O - 2 potions of degeneration {unknown}

Dungeon Overview and Level Annotations

Branches:
Dungeon (9/15)             Temple (1/1) D:6            Lair (0/5) D:8
 Bailey (1/1)
    Orc: D:9-12

Altars:
Ashenzari
Cheibriados
Fedhas
Gozag
Hepliaklqana
Kikubaaqudgha
Makhleb
Nemelex Xobeh
Okawaru
Qazlal
Ru
Sif Muna
Trog
Uskayaw
Vehumet
Wu Jian
Xom
Yredelemnul
Zin
The Shining One

Shops:
D:2 [

Annotations:
D:6 exclusion: upstairs
D:9 2 transporters, exclusion: oklob plant, Iich's ghost, novice HOFi

▒▒▒.....▒)▒.▒▒▒ ♣.♣..♣♣
▒▒▒.▒▒▒.....▒▒▒♣♣♣.....♣
▒▒▒..)...)..▒▒.......♣
▒.....).....▒.......♣
▒....)......'.......♣
▒.....⌠.....'..∩.∩..♣♣
▒......)...['[.......♣
▒......)✱..)▒).......♣
▒▒▒.....)o@.▒▒).....♣♣♣
▒▒▒.▒▒▒))..)▒▒▒♣......♣
▒▒▒.....▒'▒.▒▒▒ ♣♣♣.♣♣♣♣
▒▒▒.........▒▒▒ ♣♣♣
.▒...........▒
.▒...........▒
.▒.....⌠.....▒
))...........▒
.▒...........▒


You could see an orc knight (ally target) and a friendly fulminant prism.


Message History

You take 14 damage, and have 36/50 hp.
MASSIVE DAMAGE!!
Things that are here:
a +0 hand axe; a +3 leather armour
Casting: Fulminant Prism (dangerous; 1% risk of failure)
Confirm with . or Enter, or press ? or * to list all spells.
Aiming: Fulminant Prism (dangerous; 1% risk of failure)
Press: ? - help, Dir - move target You conjure a prism of explosive energy!
A fulminant prism comes into view.
You now have 7/25 mp.
The orc knight attacks as you move away!
The orc knight hits you with the +10 zealot's sword {holy, Zealotry, *Rage rN+ EV+3}!!
* * * LOW HITPOINT WARNING * * *
Your fulminant prism crackles loudly.
You take 21 damage, and have 15/50 hp.
MASSIVE DAMAGE!!
Your fulminant prism explodes!
The blast of energy engulfs the gnoll!
You kill the gnoll!
Sif Muna accepts your kill.
You hear a shout! x3
Things that are here:
a +0 war axe; a +0 leather armour
Casting: Fulminant Prism (dangerous; 1% risk of failure)
Confirm with . or Enter, or press ? or * to list all spells.
Aiming: Fulminant Prism (dangerous; 1% risk of failure)
Press: ? - help, Dir - move target You conjure a prism of explosive energy!
A fulminant prism comes into view.
The orc knight hits you with the +10 zealot's sword {holy, Zealotry, *Rage rN+ EV+3}!!
You die...

Skill      XL: |  1  2  3  4  5  6  7  8  9 10 |
---------------+-------------------------------+-----
Spellcasting   | 4 5 6 7 8 9 |  9.1
Dodging        | 3 4 5 6 8 9 10 | 10.8
Stealth        | 3 4 5 6 7 8 |  8.5
Conjurations   | 5 6 7 8 9 |  9.3
Hexes          | 4 7 8 |  8.1
Invocations    | 4 |  4.3

Action                     |  1- 3 |  4- 6 |  7- 9 | 10-12 || total
---------------------------+-------+-------+-------+-------++-------
   Cast: Magic Dart        |    42 |    66 |   125 |    41 ||   274
         Searing Ray       |     9 |    20 |    78 |    16 ||   123
         Fulminant Prism   |       |       |    11 |    40 ||    51
 Invoke: Channel Magic     |       |       |       |     2 ||     2
    Use: Scroll            |       |     1 |     6 |       ||     7
         Potion            |       |     1 |     4 |       ||     5
 Armour: Robe              |     2 |     6 |     9 |       ||    17
         Steam dragon scal |       |       |     4 |     7 ||    11
  Dodge: Dodged            |     2 |    43 |    94 |    11 ||   150

Levels and vault maps discovered:
D:1:      kennysheep_arrival_forest, layout_loops_ring, nicolae_eternal_life
D:2:      layout_basic, serial_forest, infiniplex_forest_lined_1,
          infiniplex_forest_clump_small, infiniplex_forest_lined_room_2,
          infiniplex_forest_clump_double, infiniplex_forest_clump_diagonal,
          infiniplex_forest_lined_4_way, serial_shops, shop, basic_altar
D:3:      minmay_goblin_kobold_castle, layout_basic,
          hellmonk_ecumenical_altar_arch_garden
D:4:      dreamdust_elfheim, layout_basic, chequers_serial_rivers_small_a,
          nicolae_underground_beach, uniq_robin
D:5:      cheibrodos_iron_armory, layout_layer_cave,
          lemuel_coloured_pillars_altar
D:6:      layout_loops_cross, nicolae_overflow_crystal_walls,
          minmay_temple_entry_statues_fountains, uniq_menkaure,
          uniq_crazy_yiuf_cottage
D:7:      layout_basic, zin_treasury, uniq_prince_ribbit1
D:8:      layout_rooms, lemuel_tele_altar, david_lair_generic, uniq_erica,
          uniq_maggie
D:9:      layout_basic, mainiacjoe_overflow_brackets, nzn_ghost_randoct,
          enter_bailey_3, minmay_misc_feat_ornament
Temple:   kb_temple_of_zot
Bailey:   bailey_axe_minmay_hex_keep, bailey

Notes
Turn   | Place    | Note
-------+----------+-------------------------------------------
     0 | D:1      | kingofthe the Deep Elf Conjurer began the quest for the
                  | Orb.
     0 | D:1      | Reached XP level 1. HP: 10/10 MP: 6/6
   405 | D:1      | Reached skill level 4 in Spellcasting
   405 | D:1      | Reached XP level 2. HP: 15/15 MP: 6/9
   471 | D:1      | Learned a level 2 spell: Searing Ray
  1054 | D:2      | Found Qaqiguo's Armour Boutique.
  1332 | D:2      | Reached XP level 3. HP: 19/19 MP: 5/10
  1584 | D:2      | Reached skill level 3 in Dodging
  1728 | D:2      | Reached skill level 3 in Stealth
  1807 | D:2      | Found an ornate altar of the Wu Jian Council.
  2012 | D:2      | Reached XP level 4. HP: 24/24 MP: 9/12
  2185 | D:3      | Reached skill level 5 in Conjurations
  2567 | D:3      | Found a faded altar of an unknown god.
  3124 | D:3      | Noticed a kobold brigand
  3124 | D:3      | Noticed a kobold brigand
  3124 | D:3      | Noticed a kobold brigand
  3140 | D:3      | Killed a kobold brigand
  3141 | D:3      | Reached skill level 4 in Dodging
  3141 | D:3      | Reached XP level 5. HP: 9/28 MP: 8/14
  3180 | D:3      | Reached XP level 6. HP: 23/32 MP: 4/15
  3301 | D:3      | Reached skill level 5 in Spellcasting
  3428 | D:3      | Reached skill level 4 in Stealth
  3565 | D:3      | Reached skill level 6 in Conjurations
  3632 | D:3      | Reached skill level 5 in Dodging
  3828 | D:3      | Reached XP level 7. HP: 36/36 MP: 6/17
  5019 | D:4      | Reached skill level 6 in Dodging
  5088 | D:4      | Reached skill level 5 in Stealth
  5118 | D:4      | Reached skill level 6 in Spellcasting
  5118 | D:4      | Reached skill level 7 in Conjurations
  5347 | D:4      | Noticed Robin
  5361 | D:4      | Killed Robin
  5640 | D:5      | Entered Level 5 of the Dungeon
  5642 | D:5      | Noticed a wyvern
  5691 | D:5      | Killed a wyvern
  5692 | D:5      | Reached XP level 8. HP: 41/41 MP: 11/19
  6044 | D:5      | You fall into a shaft and drop 1 floor!
  6050 | D:6      | Learned a level 4 spell: Fulminant Prism
  6093 | D:6      | Found a staircase to the Ecumenical Temple.
  6126 | Temple   | Entered the Ecumenical Temple
  6152 | Temple   | Became a worshipper of Sif Muna the Loreminder
  6322 | D:6      | Reached skill level 7 in Dodging
  6322 | D:6      | Reached skill level 1 in Hexes
  6463 | D:6      | Found an opulent altar of Gozag.
  6471 | D:6      | Identified the +5 spear "Hellblazer" {heavy, +Blink rC+
                  | rN++ Will+}
  7008 | D:5      | Reached skill level 2 in Hexes
  7106 | D:5      | Found a broken altar of Ashenzari.
  7366 | D:5      | Reached skill level 6 in Stealth
  7476 | D:5      | Reached skill level 3 in Hexes
  7827 | D:6      | Reached skill level 7 in Spellcasting
  7836 | D:6      | Noticed Menkaure
  7848 | D:6      | Killed Menkaure
  7848 | D:6      | Reached * piety under Sif Muna
  7849 | D:6      | Reached skill level 8 in Conjurations
  7849 | D:6      | Reached skill level 4 in Hexes
  7961 | D:6      | Identified the +0 pair of gloves of Goobet {Will+ rCorr}
  8060 | D:6      | Reached skill level 8 in Dodging
  8079 | D:6      | Reached XP level 9. HP: 45/45 MP: 7/21
  8873 | D:5      | Noticed a rust devil
  8873 | D:5      | Noticed a rust devil
  9036 | D:7      | Reached skill level 5 in Hexes
  9195 | D:7      | Noticed Prince Ribbit
  9201 | D:7      | Killed Prince Ribbit
  9402 | D:7      | Reached skill level 7 in Stealth
  9488 | D:7      | Reached skill level 9 in Dodging
  9565 | D:7      | Reached skill level 6 in Hexes
  9726 | D:7      | Found a glowing silver altar of Zin.
 10088 | D:8      | Reached skill level 8 in Spellcasting
 10098 | D:8      | Noticed an elephant
 10250 | D:8      | Reached skill level 7 in Hexes
 10396 | D:8      | Reached ** piety under Sif Muna
 10401 | D:8      | Noticed Erica
 10408 | D:7      | HP: 3/45 [poisoned by Erica (bolt of poison)]
 10411 | D:7      | Gained mutation: You sometimes lose your temper in combat.
                  | [potion of mutation]
 10411 | D:7      | Gained mutation: You expend magic power (3 MP) to
                  | strengthen your wands. [potion of mutation]
 10411 | D:7      | HP: 1/67 [poisoned by Erica (bolt of poison)]
 10732 | D:8      | Found a staircase to the Lair.
 10736 | D:8      | Reached XP level 10. HP: 50/50 MP: 19/24
 10761 | D:8      | Noticed Maggie
 10800 | D:8      | Killed Maggie
 10801 | D:8      | Reached skill level 1 in Invocations
 10839 | D:8      | Killed Erica
 10840 | D:8      | Reached skill level 10 in Dodging
 10840 | D:8      | Reached skill level 8 in Stealth
 10840 | D:8      | Reached skill level 9 in Conjurations
 10840 | D:8      | Reached skill level 2 in Invocations
 10842 | D:8      | Killed an elephant
 10843 | D:8      | Reached skill level 3 in Invocations
 11363 | D:8      | Found a bloodstained altar of Trog.
 11706 | D:9      | Noticed an oklob plant
 11816 | D:9      | Noticed Iich's ghost (novice HOFi)
 11817 | D:9      | Noticed a cyan ugly thing
 11826 | D:9      | Noticed a boulder beetle
 11840 | D:9      | Found a transporter.
 11852 | D:9      | Found a transporter.
 11892 | D:9      | Found a flagged portal.
 11903 | Bailey   | Entered a bailey
 12010 | Bailey   | Reached skill level 9 in Spellcasting
 12274 | Bailey   | Reached skill level 8 in Hexes
 12274 | Bailey   | Reached skill level 4 in Invocations
 12542 | Bailey   | Noticed an orc knight
 12559 | Bailey   | Slain by an orc knight

Vanquished Creatures
  Erica (D:8)
  An elephant (D:8)
  Maggie (D:8)
  Prince Ribbit (D:7)
  2 wyverns
  A vampire (D:9)
  2 basilisks (D:8)
  A steam dragon (D:7)
  Menkaure (D:6)
  A water moccasin (D:8)
  8 orc warriors
  An ice beast (D:5)
  An ogre (D:4)
  A centaur (D:8)
  2 phantoms
  6 kobold brigands
  A necrophage (D:7)
  3 bullfrogs
  2 scorpions
  2 gnoll sergeants
  13 wights
  5 killer bees
  6 howler monkeys
  6 hounds
  5 orc priests
  A gnoll bouda (D:6)
  2 jellies (D:7)
  3 iguanas
  4 orc wizards
  Robin (D:4)
  26 gnolls
  9 adders
  A shadow imp (D:6)
  2 ufetubi (D:6)
  3 worms (D:2)
  A dart slug (D:1)
  22 orcs
  4 endoplasms
  2 giant cockroaches
  28 goblins
  15 hobgoblins
  3 jackals (D:2)
  45 kobolds
  2 quokkas
  4 ball pythons
  4 bats
  4 frilled lizards
  4 rats
264 creatures vanquished.

Vanquished Creatures (others)
  50 fulminant prisms
  2 fungi (D:8)
  3 plants (D:8)
55 creatures vanquished.

Grand Total: 319 creatures vanquished

Table legend: (Time is in decaauts)
 A = Elapsed time spent in this place.
 B = Non-inter-level travel time spent in this place.
 C = Inter-level travel time spent in this place.
 D = Time resting spent in this place.
 E = Time spent auto-exploring this place.
 F = Levels seen in this place.
 G = Mean time per level.
                   A        B        C        D        E       F      G
               +--------+--------+--------+--------+--------+-----+--------+
         Total |  12575 |  11985 |    590 |   1738 |   8543 |  11 | 1143.2 |
       Dungeon |  11789 |  11214 |    575 |   1447 |   8253 |   9 | 1309.9 |
        Temple |    130 |    115 |     15 |      0 |     94 |   1 |  130.0 |
        Bailey |    655 |    655 |      0 |    291 |    196 |   1 |  655.0 |
               +--------+--------+--------+--------+--------+-----+--------+

Top non-repeatable levels by time:
     D:3: 2427 daAuts
     D:7: 1759 daAuts
     D:5: 1726 daAuts
     D:6: 1462 daAuts
     D:2: 1236 daAuts
     D:4: 1131 daAuts
     D:8: 903 daAuts
     D:1: 886 daAuts
  Bailey: 655 daAuts
     D:9: 256 daAuts
  Temple: 130 daAuts

Table legend:
 A = Non-vault XP
 B = Vault XP
 C = Vault XP percentage of total XP
 D = Non-vault monster count
 E = Vault monster count
 F = Vault count percentage of total count
                 A         B        C        D         E       F
            +---------+---------+-------+---------+---------+-------
      Total |    5042 |    4596 |  47.7 |     153 |     111 |  42.0
            +---------+---------+-------+---------+---------+-------
        D:1 |      16 |       0 |   0.0 |       9 |       0 |   0.0
        D:2 |      81 |       0 |   0.0 |      21 |       0 |   0.0
        D:3 |      65 |     640 |  90.8 |      14 |      54 |  79.4
        D:4 |     582 |      37 |   6.0 |      18 |      13 |  41.9
        D:5 |     880 |       0 |   0.0 |      19 |       0 |   0.0
        D:6 |     697 |     290 |  29.4 |      23 |       2 |   8.0
        D:7 |     872 |     291 |  25.0 |      18 |       1 |   5.3
        D:8 |    1426 |    2275 |  61.5 |      27 |       6 |  18.2
        D:9 |     423 |       8 |   1.9 |       4 |       4 |  50.0
     Bailey |       0 |    1055 | 100.0 |       0 |      31 | 100.0
            +---------+---------+-------+---------+---------+-------
